 Dungeon Crawl Stone Soup version 0.26.0-10-g1f06aea511 (webtiles) character file.

Game seed: 2377694543209789297

53 inc the Vexing (level 3, -1/14 HPs)
             Began as a Felid Enchanter on Jan 29, 2021.
             Slain by Sigmund
             ... wielding a +1 scythe of venom
              (15 damage)
             ... on level 2 of the Dungeon.
             The game lasted 00:02:52 (2843 turns).

inc the Vexing (Felid Enchanter)                    Turns: 2843, Time: 00:02:54

Health: -1/14      AC:  1    Str:  4    XL:     3   Next: 62%
Magic:  3/7        EV: 18    Int: 17    God:
Gold:   79         SH:  0    Dex: 16    Spells: 3/6 levels left
                                        Lives:  0   Deaths: 0

rFire    . . .     SeeInvis +     - Unarmed
rCold    . . .     Faith    .   (shield unavailable)
rNeg     . . .     Spirit   .   (armour unavailable)
rPois    .         Reflect  .   (helmet unavailable)
rElec    .         Harm     .   (cloak unavailable)
rCorr    .         Rampage  .   (gloves unavailable)
Will     .....                  (boots unavailable)
Stlth    +++.......             (no amulet)
HPRegen  0.04/turn              (no ring)
MPRegen  0.10/turn              (no ring)

@: quick
A: very small, no armour, no weapons or thrown items, stealth, claws 1, fangs 3,
see invisible, speed 1, shaggy fur 1, sharp paws
a: no special abilities


You were on level 2 of the Dungeon.
You visited 1 branch of the dungeon, and saw 2 of its levels.

You collected 79 gold pieces.

Inventory:

Scrolls
 a - a scroll of noise {unknown}
 c - a scroll of blinking {unknown}
 g - a scroll of magic mapping {unknown}
 h - 2 scrolls of identify {unknown}
Potions
 b - 2 potions of degeneration {unknown}
 d - a potion of resistance {unknown}
 e - a potion of attraction {unknown}
 f - a potion of magic {unknown}


   Skills:
 - Level 2.6 Dodging
 - Level 4.0 Stealth
 - Level 2.0 Unarmed Combat
 - Level 2.1 Spellcasting
 + Level 5.3 Hexes
 + Level 1.5 Ice Magic


You had 3 spell levels left.
You knew the following spells:

 Your Spells              Type           Power        Failure   Level
a - Corona                Hex            21%          2%          1
b - Ensorcelled Hibernat  Hex/Ice        26%          7%          2

Your spell library contained the following spells:

 Spells                   Type           Power        Failure   Level
 Confusing Touch          Hex            19%          6%          3
 Tukima's Dance           Hex            19%          6%          3
 Dazzling Flash           Conj/Hex       20%          19%         3


Dungeon Overview and Level Annotations

Branches:
Dungeon (2/15)

Altars:
Cheibriados
Vehumet

Annotations:
D:2 Sigmund


Innate Abilities, Weirdness & Mutations

You cannot wear armour.
You are incapable of wielding weapons or throwing items.
Your paws allow you to move quietly. (Stealth)
You have sharp claws.
You have razor-sharp teeth.
You have supernaturally acute eyesight. (SInv)
You cover ground quickly.
You are covered in fur. (AC +1)
Your sharp claws are effective at attacking unaware monsters.


Message History

Aiming: Ensorcelled Hibernation (safe; 7% risk of failure)
Press: ? - help, Shift-Dir - straight line, f - frilled lizard
Aim: a frilled lizard (chance to affect: 62%)
The frilled lizard resists with significant effort.
The adder closely misses you. The frilled lizard closely misses you.
The adder completely misses you.
Casting: Ensorcelled Hibernation (safe; 7% risk of failure)
Confirm with . or Enter, or press ? or * to list all spells.
Aiming: Ensorcelled Hibernation (safe; 7% risk of failure)
Press: ? - help, Shift-Dir - straight line, f/p - frilled lizard
Aim: a frilled lizard (chance to affect: 62%)
The frilled lizard looks drowsy...
Sigmund completely misses you. The adder misses you.
You pounce on the unaware helpless frilled lizard!
You claw the frilled lizard!
You kill the frilled lizard!
The adder misses you.
Sigmund hits you from afar with a +1 scythe of venom!
Ouch! That really hurt!
You die...

.##. ......#
....##......#. .#
..B.........#.# .# #
............... .#.#
...............###.#.##.
.........#..............
....<.............@...
.$..<............S.#
..............#.@#.#
.#.................#
#..........#..###.#
#...#.#.......# .#
....#.#.#.#...###.#.
.##..#............... .
#......#.......... .##
#†........# #.#...###.#


You could see Sigmund and an adder.

Vanquished Creatures
  An adder (D:2)
  A dart slug (D:1)
  2 leopard geckos (D:1)
  7 bats (D:1)
  2 giant cockroaches (D:1)
  3 hobgoblins (D:1)
  4 jackals (D:1)
  2 ball pythons (D:1)
  4 frilled lizards
  5 goblins (D:1)
  3 kobolds (D:1)
  6 rats
40 creatures vanquished.

Notes
Turn   | Place    | Note
-------+----------+-------------------------------------------
     0 | D:1      | inc the Felid Enchanter began the quest for the Orb.
     0 | D:1      | Reached XP level 1. HP: 7/7 MP: 4/4
   845 | D:1      | Reached XP level 2. HP: 8/11 MP: 6/6
   950 | D:1      | Learned a level 2 spell: Ensorcelled Hibernation
  1599 | D:1      | Reached skill level 1 in Ice Magic
  1674 | D:1      | Reached XP level 3. HP: 14/14 MP: 4/7
  1880 | D:1      | Reached skill level 5 in Hexes
  2633 | D:2      | Noticed Sigmund
  2717 | D:2      | Found a radiant altar of Vehumet.
  2717 | D:2      | Found a snail-covered altar of Cheibriados.
  2843 | D:2      | Slain by Sigmund

Illustrated notes

Levels and vault maps discovered:
D:1:      roderic_dead_forest, layout_basic, minivault_24
D:2:      layout_basic, gammafunk_temple_overflow_statue, uniq_sigmund

Skill      XL: |  1  2  3 |
---------------+----------+-----
Unarmed Combat | 2 |  2.0
Ice Magic      | 1 |  1.5
Hexes          | 5 |  5.3
Dodging        | |  2.6
Stealth        | |  4.0
Spellcasting   | |  2.1

Action                   || total
-------------------------++-------
Melee: Unarmed           ||   104
       Bite              ||     5
 Cast: Ensorcelled Hiber ||    35
 Stab: Sleeping          ||    25
Armor: Skin              ||    13
Dodge: Dodged            ||   133
